AoeStats
← Hawk9710

Baltic

510519856Analyzed
2v2 RM · 15h ago on Oct 1, 2026· 28m 39s· 4 players
Game mode
Random Map
Map size
Medium (4 player)
Population
200
Speed
Normal
Resources
Standard
Victory
Conquest
Starting age
Dark Age
Ending age
Imperial Age
RankedLock teamsTeams togetherTeam positionsShared explorationLock speedFull tech treeHidden civsTurbo modeCheats
Victory
Defeat
🇦🇺 Varangians · Australia
1102
+17
🇦🇺 Vikings · Australia
1068
+18
🇩🇪 Varangians · Germany
1125
-18
🇧🇷 Goths · Brazil
1105
-17
BR_WO
0:47 Loom
12:04 Feudal Age
12:14 Man-at-Arms
15:19 Scale Mail Armor
15:36 Forging
Wallenstein
0:26 Loom
10:34 Feudal Age
11:06 Double-Bit Axe
14:31 Man-at-Arms
16:06 Fishing Lines
18:35 Scale Mail Armor
19:10 Forging
19:38 Horse Collar
23:18 Castle Age
22:28 Fletching
23:29 Long Swordsman
23:55 Gambesons
24:13 Squires
25:26 Ballistics
25:53 Chain Mail Armor
26:16 Bow Saw
26:15 Arson
27:02 Murder Holes
29:20 Wheelbarrow
29:01 Gold Mining
FlankTank
6:46 Loom
10:23 Feudal Age
11:22 Double-Bit Axe
11:29 Man-at-Arms
16:41 Horse Collar
17:59 Scale Mail Armor
19:14 Forging
18:55 Fletching
25:44 Castle Age
25:16 Arson
25:56 Long Swordsman
26:37 Squires
26:22 Fishing Lines
26:51 Heavy Plow
27:02 Bow Saw
27:25 Medium Warships
27:46 Gillnets
28:54 Wheelbarrow
29:12 Iron Casting
28:53 Chain Mail Armor
28:36 Bodkin Arrow
28:59 Chain Mail Armor
Hawk9710
7:04 Loom
13:11 Feudal Age
14:02 Double-Bit Axe
13:43 Man-at-Arms
16:00 Horse Collar
17:18 Forging
17:08 Scale Mail Armor
24:49 Castle Age
22:46 Arson
25:50 Heavy Plow
25:44 Fletching
25:57 Squires
25:17 Long Swordsman
27:31 Iron Casting
27:11 Chain Mail Armor
Connection lost

Rejoining the realm…

Still unreachable

The connection could not be restored.

Session expired

The server has moved on; the page needs a fresh start.